 Dungeon Crawl Stone Soup version 0.28.0-45-g0d030f2227 (webtiles) character file.

Game seed: 25208955449914188

26 Icepheonix32 the Firebug (level 3, 0/19 HPs)
             Began as a Tengu Fire Elementalist on Apr 16, 2022.
             Slain by a worm (2 damage)
             ... on level 2 of the Dungeon.
             The game lasted 00:02:04 (1603 turns).

Icepheonix32 the Firebug (Tengu Fire Elementalist)  Turns: 1603, Time: 00:02:05

Health: 0/19       AC:  2    Str:  8    XL:     3   Next: 8%
Magic:  4/7        EV: 12    Int: 17    God:
Gold:   64         SH:  0    Dex: 14    Spells: 5/6 levels left

rFire   . . .      SeeInvis .   g - +0 quarterstaff
rCold   . . .      Faith    .   (shield currently unavailable)
rNeg    . . .      Spirit   .   a - +0 robe
rPois   .          Reflect  .   (helmet restricted)
rElec   .          Harm     .   (no cloak)
rCorr   .          Rampage  .   (no gloves)
Will    .....                   (boots unavailable)
Stlth   ++........              (no amulet)
HPRegen 0.06/turn               (no ring)
MPRegen 0.10/turn               (no ring)

@: no status effects
A: beak, talons 3
a: no special abilities


You were on level 2 of the Dungeon.
You visited 1 branch of the dungeon, and saw 2 of its levels.

You collected 64 gold pieces.

Inventory:

Hand Weapons
 d - a +0 dagger
 g - a +0 quarterstaff (weapon)
Armour
 a - a +0 robe (worn)
 h - a +0 ring mail
 j - a +0 leather armour
Scrolls
 c - a scroll of immolation {unknown}
 e - a scroll of amnesia {unknown}
 f - a scroll of enchant armour {unknown}
 i - a scroll of magic mapping {unknown}
Potions
 b - a potion of flight {unknown}


   Skills:
 + Level 2.2 Dodging
 + Level 2.4 Stealth
 + Level 2.2 Spellcasting
 + Level 1.5 Conjurations
 * Level 4.0 Fire Magic


You had 5 spell levels left.
You knew the following spells:

 Your Spells              Type           Power      Damage    Failure   Level
a - Foxfire               Conj/Fire      44%        2x1d6     6%          1

Your spell library contained the following spells:

 Spells                   Type           Power      Damage    Failure   Level
 Scorch                   Fire           30%        2d7       5%          2
 Conjure Flame            Conj/Fire      11%        6-21      19%         3
 Inner Flame              Hex/Fire       8%         N/A       26%         3
 Flame Wave               Conj/Fire      11%        2d5       52%         4


Dungeon Overview and Level Annotations

Branches:
Dungeon (2/15)

Altars:
Xom


Innate Abilities, Weirdness & Mutations

You have a beak for a mouth.
You have claws for feet.


Message History

You conjure some foxfire!
The foxfire hits the worm.
The worm is moderately wounded.
The foxfire hits the worm.
The worm is heavily wounded.
Casting: Foxfire (safe; 6% risk of failure)
Confirm with . or Enter, or press ? or * to list all spells.
You conjure some foxfire!
The foxfire hits the hobgoblin.
The hobgoblin is moderately wounded.
The foxfire hits the hobgoblin but does no damage.
The hobgoblin is moderately wounded.
The worm closely misses you. The hobgoblin misses you.
The hobgoblin closely misses you.
A goblin comes into view. It is wielding a +0 hand axe.
The hobgoblin closely misses you. The hobgoblin closely misses you.
Casting: Foxfire (safe; 6% risk of failure)
Confirm with . or Enter, or press ? or * to list all spells.
You conjure some foxfire!
The foxfire hits the hobgoblin.
The hobgoblin is moderately wounded.
You barely miss the hobgoblin. You claw the hobgoblin.
You kill the hobgoblin!
The foxfire hits the goblin but does no damage.
Your Fire Magic skill increases to level 4!
You hit the goblin. Your kick misses the goblin.
The goblin is moderately wounded.
The goblin hits you with a +0 hand axe.
* * * LOW HITPOINT WARNING * * *
You closely miss the goblin.
The goblin is moderately wounded.
The goblin hits you with a +0 hand axe.
* * * LOW HITPOINT WARNING * * *
The goblin hits you but does no damage.
You closely miss the goblin. You claw the goblin.
You kill the goblin!
You sock the worm! You peck the worm.
The worm is heavily wounded.
The worm bites you.
You die...

#..........#
#...#..#......
#..........#
###..#......
#..........##
#..#......
#...........#
#.........
............#
#.#.......
.......####.#
#.#....... .......
#.# #.........
.......
#w#######.........
......
#@...#......>.....
...
####.#.###........
#...'........
#####........
#........
#........
#.......#
#########


You could see a worm.

Vanquished Creatures
  A dart slug (D:1)
  4 endoplasms
  2 goblins (D:2)
  3 hobgoblins
  3 quokkas (D:1)
  5 ball pythons
  A kobold (D:1)
  4 rats (D:1)
23 creatures vanquished.

Vanquished Creatures (others)
  47 foxfires
47 creatures vanquished.

Grand Total: 70 creatures vanquished

Notes
Turn   | Place    | Note
-------+----------+-------------------------------------------
     0 | D:1      | Icepheonix32 the Tengu Fire Elementalist began the quest
                  | for the Orb.
     0 | D:1      | Reached XP level 1. HP: 10/10 MP: 4/4
   394 | D:1      | Reached XP level 2. HP: 15/15 MP: 1/6
  1482 | D:2      | Reached XP level 3. HP: 19/19 MP: 7/7
  1494 | D:2      | Found a shimmering altar of Xom.
  1600 | D:2      | Reached skill level 4 in Fire Magic
  1603 | D:2      | Slain by a worm

Illustrated notes

Levels and vault maps discovered:
D:1:      lightli_arrival_boilingwater, layout_basic
D:2:      layout_basic, basic_altar

Skill      XL: |  1  2  3 |
---------------+----------+-----
Fire Magic     | 4 |  4.0
Dodging        | |  2.2
Stealth        | |  2.4
Spellcasting   | |  2.2
Conjurations   | |  1.5

Action                   || total
-------------------------++-------
Melee: Quarterstaff      ||    16
       Dagger            ||     5
       Unarmed           ||     5
       Kick              ||     7
       Peck              ||     5
 Cast: Foxfire           ||    27
 Stab: Sleeping          ||     4
Armor: Robe              ||     4
Dodge: Dodged            ||    15
